Construct Section Command Post
Selects Australian Defense Battlegroup
Selects Australian Light Infantry Section
Australian Light Infantry Section
Australian Light Infantry Section
Selects 2-pounder Anti-tank Gun Team
Construct Platoon Command Post
Australian Light Infantry Section
2-pounder Anti-tank Gun Team
Construct Field Infirmary
Selects CMP 15cwt Supply Run
Selects Artillery Trip Wire Flares
6-pounder Anti-tank Gun Team
Unlock Bishop Self-propelled Artillery
Bishop Self-propelled Artillery
Bishop Self-propelled Artillery
Australian Light Infantry Section
Selects Archer Tank Destroyer
Bishop Self-propelled Artillery
Australian Light Infantry Section
Australian Light Infantry Section